 Dungeon Crawl Stone Soup version 0.21.0 (console) character file.

150 hilaritas the Cudgeler (level 5, -1/33 HPs)
             Began as a Gargoyle Fighter on Jan 6, 2018.
             Was a Follower of Fedhas.
             Slain by a hornet (9 damage)
             ... on level 3 of the Dungeon.
             The game lasted 00:08:27 (2076 turns).

hilaritas the Cudgeler (Gargoyle Fighter)           Turns: 2076, Time: 00:08:28

Health: -1/33      AC: 17    Str: 20    XL:     5   Next: 32%
Magic:  5/5        EV:  7    Int:  9    God:    Fedhas [*.....]
Gold:   139        SH:  9    Dex:  9    Spells: 4/4 levels left

rFire    . . .     SeeInvis .   a - +0 flail
rCold    + . .     Gourm    .   c - +0 shield
rNeg     + . .     Faith    .   n - +0 chain mail
rPois    ∞         Spirit   .   j - +1 helmet
rElec    +         Reflect  .   i - +0 cloak
rCorr    .         Harm     .   (no gloves)
MR       .....                  m - +0 pair of boots
Stlth    ..........             (no amulet)
HPRegen  0.11/turn              e - +2 ring of evasion
MPRegen  0.09/turn              o - ring of protection from cold

@: no status effects
A: negative energy resistance 1, electricity resistance, unbreathing,
petrification resistance, rot immunity, AC +4
a: Fungal Bloom, Evolution, Renounce Religion


You were on level 3 of the Dungeon.
You worshipped Fedhas.
Fedhas was aware of your devotion.
You were not hungry.

You visited 1 branch of the dungeon, and saw 3 of its levels.

You collected 139 gold pieces.

Inventory:

Hand Weapons
 a - a +0 flail (weapon)
Armour
 c - a +0 shield (worn)
 i - a +0 cloak (worn)
 j - a +1 helmet (worn)
 m - a +0 pair of boots (worn)
 n - a +0 chain mail (worn)
Jewellery
 e - a +2 ring of evasion (left hand)
 l - an uncursed ring of resist corrosion
 o - a ring of protection from cold (right hand)
Scrolls
 b - a scroll of teleportation
Potions
 d - a potion of might
 g - a potion of invisibility {unknown}
 h - 2 potions of curing {unknown}
 k - a potion of magic {unknown}
 q - 2 potions of heal wounds {unknown}
Comestibles
 f - 2 rations
 p - 2 chunks of flesh


   Skills:
 + Level 3.8 Fighting
 * Level 4.3 Maces & Flails
 - Level 3.2 Armour
 + Level 4.2 Shields


You had 4 spell levels left.
You didn't know any spells.

Dungeon Overview and Level Annotations

Branches:
Dungeon (3/15)

Altars:
Elyvilon
Fedhas
Nemelex Xobeh
Ru
Sif Muna
Trog
Uskayaw
Wu Jian


Innate Abilities, Weirdness & Mutations

You are resistant to torment.
Your stone body is resilient. (AC +4)
You are immune to poison.
You resist negative energy. (rN+)
You are resistant to electric shocks. (rElec)
You can survive without breathing.
You are immune to petrification.
You are immune to rotting.


Message History

The hornet stings you but does no damage.
You hit the hornet but do no damage. The hornet stings you.
You block the hornet's attack.
Your shield and chain mail prevent you from hitting the hornet.
The hornet stings you but does no damage.
The hornet barely misses you.
You closely miss the hornet. The hornet stings you.
Your shield and chain mail prevent you from hitting the hornet.
The hornet barely misses you. The hornet stings you.
* * * LOW HITPOINT WARNING * * *
You barely miss the hornet.
The hornet stings you but does no damage. x2
You thump the hornet!
The hornet is lightly wounded.
The hornet stings you but does no damage. x2
You sock the hornet!
The hornet is moderately wounded.
You block the hornet's attack. The hornet stings you!
You die...
Fedhas appreciates your contribution to the ecosystem.

########....###.......###)##....
###.## ##.....## #.###### #.#
##...## #.# #.# ##+## #.# #.#
#.# #.# #.### #.# #.# .... ..#
#.# ...## #.# #.# ....#
#.######...#### #.....@#$......
######y#......< #b........
###....... #...... .##### . ##


You could see a hornet and a bat.

Vanquished Creatures
  Crazy Yiuf (D:2)
  An orc wizard (D:2)
  3 adders
  An ooze (D:3)
  2 worms
  A dart slug (D:2)
  2 leopard geckos
  An orc (D:3)
  3 giant cockroaches
  10 goblins
  6 hobgoblins
  4 jackals (D:1)
  A quokka (D:2)
  6 frilled lizards
  5 kobolds
  6 rats
53 creatures vanquished.

Vanquished Creatures (others)
  17 toadstools
17 creatures vanquished.

Grand Total: 70 creatures vanquished

Notes
Turn   | Place    | Note
-------+----------+-------------------------------------------
     0 | D:1      | hilaritas the Gargoyle Fighter began the quest for the Orb.
     0 | D:1      | Reached XP level 1. HP: 14/14 MP: 1/1
   375 | D:1      | Reached XP level 2. HP: 16/19 MP: 2/2
   958 | D:2      | Reached XP level 3. HP: 21/23 MP: 3/3
  1002 | D:2      | Found a runed door.
  1156 | D:2      | Found a bloodstained altar of Trog.
  1256 | D:2      | Found a blossoming altar of Fedhas.
  1267 | D:2      | Became a worshipper of Fedhas Madash
  1349 | D:2      | Reached XP level 4. HP: 28/29 MP: 4/4
  1387 | D:2      | Found a deep blue altar of Sif Muna.
  1387 | D:2      | Found a sparkling altar of Nemelex Xobeh.
  1393 | D:2      | Found a faded altar of an unknown god.
  1395 | D:2      | Found a faded altar of an unknown god.
  1397 | D:2      | Found an ornate altar of the Wu Jian Council.
  1527 | D:2      | Reached * piety under Fedhas
  1531 | D:2      | Found a sacrificial altar of Ru.
  1706 | D:2      | Noticed Crazy Yiuf
  1720 | D:2      | Killed Crazy Yiuf
  1720 | D:2      | Reached XP level 5. HP: 33/33 MP: 5/5
  1758 | D:3      | Found a hide-covered altar of Uskayaw.
  1851 | D:3      | Found a white marble altar of Elyvilon.
  2052 | D:3      | Noticed a hornet
  2076 | D:3      | Slain by a hornet

Skill      XL: |  1  2  3  4 |
---------------+-------------+-----
Maces & Flails | 3 4 |  4.3
Shields        | 4 |  4.2
Fighting       | |  3.8
Armour         | |  3.2

Action                   |  1- 3 |  4- 6 || total
-------------------------+-------+-------++-------
Melee: Flail             |   128 |   128 ||   256
Invok: Fungal Bloom      |       |     5 ||     5
  Use: Scroll            |     1 |     2 ||     3
  Eat: Chunk             |     2 |     2 ||     4
Armor: Scale mail        |    66 |       ||    66
       Chain mail        |     1 |    78 ||    79
Dodge: Dodged            |    37 |    43 ||    80
Block: Shield            |    67 |    68 ||   135
